 Dungeon Crawl Stone Soup version 0.29.1-2-gbd0b4ee654 (webtiles) character file.

Game seed: 15029143639517689478

362532 glosham the Devastator (level 21, -1/131 HPs)
             Began as a Palentonga Air Elementalist on Nov 15, 2022.
             Was the Champion of Vehumet.
             Slain by a vault warden skeleton (8 damage)
             ... on level 3 of the Vaults on Nov 18, 2022.
             The game lasted 15:57:35 (33807 turns).

glosham the Devastator (PaAE)                      Turns: 33807, Time: 15:57:35

Health: -1/131     AC: 25    Str: 22    XL:     21   Next: 52%
Magic:  2/45       EV:  7    Int: 33    God:    Vehumet [******]
Gold:   2355       SH:  0    Dex: 10    Spells: 0/61 levels left

rFire   + + +      SeeInvis +   a - staff of conjuration {!a}
rCold   . . .      Faith    .   (no shield)
rNeg    + . .      Spirit   .   X - +4 troll leather armour
rPois   +          Reflect  .   T - +3 crown of Dyrovepreva {rElec Int+2 SInv}
rElec   +          Harm     +   Y - scarf {harm}
rCorr   .          Rampage  .   U - +1 pair of gloves
Will    ++...                   V - +0 barding of the Five Teeth {Drain rPois rF+++ Regen+}
Stlth   +.........              z - amulet of magic regeneration
HPRegen 1.91/turn               A - +6 ring of intelligence
MPRegen 0.69/turn               B - ring "Dunkuzyre" {rElec rN+ Will+ Str+6 SInv}

@: on blink cooldown, slightly contaminated, curled up
A: large, rugged brown scales 3, see invisible, deformed body, roll 1, armoured
tail, reflexive curl
}: 2/15 runes: decaying, gossamer
a: Rolling Charge, Renounce Religion


You were on level 3 of the Vaults.
You worshipped Vehumet.
Vehumet was exalted by your worship.
You visited 7 branches of the dungeon, and saw 36 of its levels.
You also visited: Sewer, Bailey, Gauntlet, Ice Cave and Desolation.

You collected 5498 gold pieces.
You spent 3143 gold pieces at shops.

Inventory:

Hand Weapons
 b - the +10 trident of Moetuav {freeze, rF+}
   (You found it in the Desolation of Salt)

   It freezes those it strikes, dealing additional cold damage.
   It can also slow down cold-blooded creatures.
   rF:        It protects you from fire.
Missiles
 K - a javelin
Armour
 M - a +2 hat of willpower
 T - the +3 crown of Dyrovepreva (worn) {rElec Int+2 SInv}
   (You found it on level 3 of the Elven Halls)

   Int:       It affects your intelligence (+2).
   rElec:     It insulates you from electricity.
   SInv:      It lets you see invisible.
 U - a +1 pair of gloves (worn)
 V - the +0 barding of the Five Teeth (worn) {Drain rPois rF+++ Regen+}
   (You acquired it on level 5 of the Dungeon)

   rF:        It renders you almost immune to fire.
   rPois:     It protects you from poison.
   Regen:     It increases your rate of health regeneration.
   Drain:     It drains your maximum health when unequipped.
 X - a +4 troll leather armour (worn)
 Y - a scarf of harm (worn)
Magical Staves
 a - a staff of conjuration (weapon) {!a}
 c - a staff of cold
 d - a staff of death
 e - a staff of air
Jewellery
 z - an amulet of magic regeneration (around neck)
 A - a +6 ring of intelligence (left hand)
 B - the ring "Dunkuzyre" (right hand) {rElec rN+ Will+ Str+6 SInv}
   (You acquired it in a sewer)

   [ring of strength]

   Str:       It affects your strength (+6).
   rElec:     It insulates you from electricity.
   rN:        It protects you from negative energy.
   SInv:      It lets you see invisible.
   Will:      It increases your willpower.
 C - a ring of ice
 F - a ring of flight
 I - the amulet "Giuhyocw" {Acrobat rN+ Str+3 Slay+2}
   (You took it off an ironbound convoker on level 2 of the Vaults)

   [amulet of the acrobat]

   It increases your evasion while moving and waiting.
   Str:       It affects your strength (+3).
   Slay:      It affects your accuracy & damage with ranged weapons and melee
   (+2).
   rN:        It protects you from negative energy.
 L - a +4 ring of slaying
 S - a ring of resist corrosion
 W - a ring of willpower
 Z - a ring of wizardry
Wands
 f - a wand of flame (56)
 g - a wand of digging (25)
 h - a wand of polymorph (14)
 i - a wand of iceblast (25)
 j - a wand of acid (9)
Scrolls
 k - 19 scrolls of teleportation
 l - 2 scrolls of immolation
 m - 10 scrolls of fog
 n - 9 scrolls of fear
 o - a scroll of magic mapping
 p - 4 scrolls of poison
 H - 7 scrolls of amnesia
 J - a scroll of torment {!r}
Potions
 q - 4 potions of ambrosia
 r - 24 potions of curing
 s - 6 potions of heal wounds
 t - a potion of magic
 u - 4 potions of resistance
 v - 8 potions of haste
 w - 7 potions of brilliance
 x - 6 potions of cancellation
 y - 5 potions of might
 D - 5 potions of invisibility
 E - 12 potions of flight
 G - 9 potions of attraction


   Skills:
 - Level 1.5 Dodging
 - Level 1.2 Stealth
 - Level 20.5 Spellcasting
 * Level 20.7 Conjurations
 * Level 19.8 Air Magic


You couldn't memorise any spells.
You knew the following spells:

 Your Spells              Type           Power      Damage    Failure   Level
a - Apportation           Tloc           66%        N/A       1%          1
b - Blink                 Tloc           66%        N/A       1%          2
c - Chain Lightning       Conj/Air       64%        3d86      8%          9
d - Static Discharge      Conj/Air       100%       3-16/arc  0%          2
e - Airstrike             Air            52%        2d(8-24)  0%          4
f - Freezing Cloud        Conj/Ice/Air   55%        6-21      1%          5
i - Iskenderun's Battles  Conj           100%       2d15      0%          5
l - Lightning Bolt        Conj/Air       64%        1d88      0%          5
m - Mephitic Cloud        Conj/Pois/Air  100%       N/A       0%          3
o - Orb of Destruction    Conj           65%        9d15      1%          7
p - Passwall              Tmut/Erth      27%        N/A       1%          2
s - Summon Lightning Spi  Summ/Air       78%        N/A       1%          4
z - Shock                 Conj/Air       100%       1d9       0%          1
E - Conjure Ball Lightni  Conj/Air       64%        3x3d23    1%          6
S - Silence               Hex/Air        39%        N/A       1%          5

Your spell library contained the following spells:

 Spells                   Type           Power      Damage    Failure   Level
 Ignition                 Fire           16%        3d7       100%        8
 Magic Dart               Conj           100%       1d8       0%          1
 Swiftness                Air            100%       N/A       0%          3
 Necrotise                Necr           100%       1d9       1%          1
 Sandblast                Erth           66%        2d15      1%          1
 Summon Small Mammal      Summ           100%       N/A       1%          1
 Call Imp                 Summ           33%        N/A       1%          2
 Ensorcelled Hibernation  Hex/Ice        66%        N/A       1%          2
 Sublimation of Blood     Necr           33%        N/A       1%          2
 Frozen Ramparts          Ice            66%        1d10      1%          3
 Inner Flame              Hex/Fire       33%        N/A       1%          3
 Stone Arrow              Conj/Erth      100%       3d13      1%          3
 Corpse Rot               Necr/Pois/Air  67%        N/A       1%          4
 Sticky Flame             Conj/Fire      100%       2d11      1%          4
 Fireball                 Conj/Fire      50%        3d20      1%          5
 Iron Shot                Conj/Erth      50%        9d10      1%          6
 Maxwell's Capacitive Co  Air            52%        ∞         1%          8
 Call Canine Familiar     Summ           33%        N/A       3%          3
 Gell's Gravitas          Tloc           33%        N/A       3%          3
 Lesser Beckoning         Tloc           33%        N/A       3%          3
 Ozocubu's Armour         Ice            33%        N/A       3%          3
 Portal Projectile        Hex/Tloc       66%        N/A       3%          3
 Teleport Other           Tloc           33%        N/A       3%          3
 Vampiric Draining        Necr           33%        2d8       3%          3
 Spellforged Servitor     Conj/Summ      50%        N/A       4%          7
 Animate Armour           Summ/Erth      66%        N/A       11%         4
 Animate Dead             Necr           33%        N/A       11%         4
 Cause Fear               Hex            16%        N/A       11%         4
 Dispel Undead            Necr           33%        3d14      11%         4
 Ice Form                 Ice/Tmut       33%        N/A       11%         4
 Passage of Golubria      Tloc           33%        N/A       11%         4
 Summon Ice Beast         Ice/Summ       33%        N/A       11%         4
 Lehudib's Crystal Spear  Conj/Erth      50%        10d12     26%         8
 Agony                    Necr           33%        N/A       30%         5
 Manifold Assault         Tloc           33%        N/A       30%         5
 Summon Mana Viper        Hex/Summ       33%        N/A       30%         5
 Death Channel            Necr           16%        N/A       86%         6
 Dispersal                Tloc           16%        N/A       86%         6
 Simulacrum               Ice/Necr       16%        N/A       86%         6
 Statue Form              Tmut/Erth      22%        N/A       86%         6
 Ozocubu's Refrigeration  Ice            16%        4d11      90%         7
 Fire Storm               Conj/Fire      50%        8d13      97%         9
 Haunt                    Necr/Summ      16%        N/A       100%        7
 Malign Gateway           Summ/Tloc      16%        N/A       100%        7
 Monstrous Menagerie      Summ           16%        N/A       100%        7
 Discord                  Hex            16%        N/A       100%        8
 Infestation              Necr           16%        N/A       100%        8
 Summon Horrible Things   Summ           16%        N/A       100%        8
 Death's Door             Necr           16%        N/A       100%        9
 Polar Vortex             Ice            16%        N/A       100%        9


Dungeon Overview and Level Annotations

Branches:
Dungeon (15/15)            Temple (0/1) D:6            Lair (5/5) D:8
  Swamp (4/4) Lair:2       Spider (4/4) Lair:3        Slime (0/5) Lair:4
    Orc (2/2) D:11            Elf (3/3) Orc:2        Vaults (3/5) D:13
 Depths (0/4) D:15          Sewer (visited)          Bailey (visited)
  IceCv (visited)         Desolation (visited)      Gauntlet (visited)
  Crypt: Vaults:2-3

Altars:
Ashenzari
Elyvilon
Kikubaaqudgha
Nemelex Xobeh
Qazlal
Sif Muna
Vehumet
Xom
Yredelemnul
Zin
The Shining One

Shops:
D:5 :(!*   D:10 :   Orc:2 :[:   Vaults:3 [


Innate Abilities, Weirdness & Mutations

You are completely covered in rugged brown scales. (AC +3, +7% HP)
You have supernaturally acute eyesight. (SInv)
Armour fits poorly on your strangely shaped body.
You can roll at nearby foes to attack.
You have a long armoured tail.
You curl defensively after being hit. (AC +7*)


Message History

Casting: Chain Lightning (dangerous; 8% risk of failure)
Confirm with . or Enter, or press ? or * to list all spells.
You feel a surge of power!
You miscast Chain Lightning.
You are very lightly contaminated with residual magic.
Sparks fly from your hands!
Casting: Chain Lightning (dangerous; 8% risk of failure)
Confirm with . or Enter, or press ? or * to list all spells.
You feel a surge of power! Lightning arcs from your hands!
The bolt of lightning hits the golden dragon skeleton!!!!
The golden dragon skeleton is almost destroyed.
The bolt of lightning hits you! You resist.
The bolt of lightning hits the vault warden skeleton!!!!
The vault warden skeleton is almost destroyed.
Casting: Chain Lightning (dangerous; 8% risk of failure)
Confirm with . or Enter, or press ? or * to list all spells.
You feel a surge of power!
You miscast Chain Lightning.
You are lightly contaminated with residual magic.
The air around you crackles with energy!
The golden dragon skeleton bites you!! The golden dragon skeleton claws you.
The golden dragon skeleton tramples you.
* * * LOW HITPOINT WARNING * * *
You stumble backwards!
Aiming: Corrosive Bolt
Press: ? - help, Shift-Dir - straight line, f - golden dragon skeleton
Aim: a golden dragon skeleton (almost destroyed, 100% to hit)
The bolt of acid hits the golden dragon skeleton!
The golden dragon skeleton is almost destroyed.
The bolt of acid hits the vault warden skeleton!
The vault warden skeleton is almost destroyed.
The golden dragon skeleton bites you!
* * * LOW HITPOINT WARNING * * *
The golden dragon skeleton claws you but does no damage.
The golden dragon skeleton tramples you.
* * * LOW HITPOINT WARNING * * *
You hold your ground!
Unknown command.
Casting: Chain Lightning (dangerous; 8% risk of failure)
Confirm with . or Enter, or press ? or * to list all spells.
You blink.
The vault warden skeleton hits you!
You die...

..
......(.............
....................
..#########......#.
) #.).......)..#
#.#########))#
#.#......§# .#
#.#.#####Z# # #.#.#
#Z# ##.#.# #@#
#..#.# #.# ##..#.#
#.# #...#.# ..#
#...#.#######
#............
#......####.#
#.........
#......####


You could see a golden dragon skeleton and a vault warden skeleton.

Vanquished Creatures
  Sojobo (Vaults:2)
  The ghost of AgonHex the Hoplite, a veteran HOFi of Qazlal (Vaults:3)
  Nikola (Spider:4)
  Arachne (Spider:2)
  Jorgrun (Swamp:1)
  2 deep elf blademasters
  2 deep elf master archers (Elf:3)
  Asterion (Vaults:2)
  An ancient champion (Vaults:3)
  2 sphinxes
  3 thorn hunters
  2 tengu reavers (Vaults:2)
  Roxanne (D:15)
  Donald (Spider:2)
  2 deep elf sorcerers (Elf:3)
  2 orc warlords
  4 imperial myrmidons (Desolation)
  6 emperor scorpions
  Aizul (Swamp:1)
  2 ghost moths
  6 vault wardens
  2 angels (Elf:2)
  7 deep elf elementalists (Elf:3)
  2 broodmothers
  A stone giant (Vaults:2)
  5 ironbound thunderhulks
  5 ironbound preservers
  4 very ugly things (Vaults:1)
  11 deep elf annihilators (Elf:3)
  2 deep elf demonologists
  Azrael (D:13)
  5 eleionomae
  5 entropy weavers
  A minotaur (Gauntlet)
  4 dire elephants
  2 bunyips
  2 halazid warlocks (Desolation)
  4 spark wasps
  3 deep elf death magi (Elf:3)
  3 shambling mangroves
  5 ragged hierophants (Desolation)
  3 yaktaur captains
  4 deep elf high priests (Elf:3)
  A rakshasa (D:12)
  Harold (Lair:1)
  5 servants of whispers (Desolation)
  6 vault guards
  5 peacekeepers (Desolation)
  6 great orbs of eyes
  2 ghost crabs
  6 jorogumos
  26 hydras
  8 centaur warriors
  3 boulder beetles
  A hell beast (Gauntlet)
  4 radroaches
  5 ironbound frosthearts
  5 alligators
  A catoblepas (D:15)
  5 two-headed ogres
  25 dancing weapons
  5 orc high priests
  5 tengu warriors (D:15)
  7 death yaks
  A spriggan berserker (Swamp:4)
  The ghost of predelnik the Thaumaturge, a novice DrVM of Sif Muna (D:10)
  19 deep elf knights
  Sonja (D:12)
  6 sun moths
  A skeletal warrior (Vaults:3)
  5 pharaoh ants
  4 goliath frogs
  8 orb spiders
  4 spriggan druids
  5 steelbarb worms
  12 swamp dragons
  13 deep trolls
  11 deep elf archers
  A bog body (Swamp:4)
  5 lindwurms
  A wizard (Vaults:2)
  2 orc knights
  16 ironbound convokers
  6 harpies
  16 wolf spiders
  35 deep elf pyromancers
  31 deep elf zephyrmancers
  4 orc sorcerers
  3 cyclopes
  A manticore (D:13)
  A salamander (D:15)
  6 vault sentinels
  8 moths of wrath
  11 elephants
  A salamander (shapeshifter) (Elf:2)
  5 ugly things
  4 will-o-the-wisps
  3 guardian serpents (Desolation)
  An ice statue (IceCv)
  2 stone giant skeletons (Vaults:3)
  A black mamba (Lair:5)
  A smoke demon (Gauntlet)
  9 torpor snails
  2 gargoyles
  13 cane toads
  2 unseen horrors
  2 ice devils (Lair:3)
  10 yaktaurs
  6 demonic crawlers
  3 efreet
  9 komodo dragons
  2 anaconda simulacra (IceCv)
  A kobold demonologist (D:9)
  2 rime drakes
  6 tengu conjurers
  5 meliai
  A red devil (Gauntlet)
  16 trolls
  A bloated husk (Swamp:1)
  21 hornets
  9 polar bears
  6 blink frogs
  22 tarantellas
  44 saltlings (Desolation)
  2 tyrant leeches (Swamp:3)
  14 slime creatures
  4 dream sheep
  Prince Ribbit (D:5)
  A blink frog (shapeshifter) (Spider:4)
  A culicivora (shapeshifter) (D:14)
  An ettin skeleton (Vaults:3)
  Sigmund (D:6)
  31 jumping spiders
  4 shadows
  31 yaks
  20 spriggans
  2 wraiths
  12 culicivoras
  3 water elementals
  2 air elementals
  A vampire (D:10)
  A wyvern (D:7)
  A basilisk (shapeshifter) (Vaults:3)
  6 basilisks
  4 fire elementals
  A death yak simulacrum (IceCv)
  43 redbacks
  6 steam dragons
  8 wargs
  2 harpy simulacra (IceCv)
  3 acid dragons
  18 vampire mosquitoes
  17 swamp worms
  2 hell hounds (D:13)
  17 water moccasins
  A hydra simulacrum (IceCv)
  3 sky beasts
  7 swamp drakes (Swamp:4)
  5 black bears
  2 glowing shapeshifter skeletons (Vaults:3)
  38 orc warriors
  28 wolves
  9 centaurs
  An ogre (Orc:2)
  3 boggarts (Lair:5)
  3 kobold brigands
  3 scorpions (D:4)
  12 bullfrogs
  A necrophage (D:6)
  4 two-headed ogre simulacra (IceCv)
  A gnoll sergeant (D:12)
  A cane toad simulacrum (IceCv)
  3 earth elementals
  3 human skeletons (Vaults:3)
  9 wights
  16 killer bees
  2 elephant simulacra (IceCv)
  6 electric eels
  6 howler monkeys
  2 crimson imps (Gauntlet)
  22 orc priests
  3 hounds
  5 jellies
  2 gnoll boudas
  4 iguanas
  24 orc wizards
  4 troll simulacra (IceCv)
  4 hell rats (Lair:4)
  3 polar bear simulacra (IceCv)
  5 spriggan simulacra (IceCv)
  A nameless horror (Lair:2)
  18 gnolls
  7 naga simulacra (IceCv)
  14 adders
  8 river rats (Sewer)
  3 white imps (IceCv)
  5 ufetubi
  4 worms
  3 dart slugs
  65 orcs
  6 bats
  16 endoplasms
  8 giant cockroaches
  10 hobgoblins
  5 jackals
  8 quokkas
  21 ball pythons
  4 frilled lizards
  13 goblins
  23 kobolds
  33 rats
1484 creatures vanquished.

Vanquished Creatures (collateral kills)
  The ghost of peterlawrence the Warrior, a journeyman MiFi of Okawaru (D:14)
  A reaper (IceCv)
  A servant of whispers (Desolation)
  2 boulder beetles
  2 hydras
  2 alligators (Swamp:3)
  2 death yaks
  A pharaoh ant (Spider:1)
  2 lindwurms (Vaults:1)
  An orc knight (D:15)
  A deep elf zephyrmancer (Elf:2)
  A wolf spider (D:15)
  2 manticores
  2 elephants
  4 cane toads
  2 komodo dragons
  A hornet (Lair:5)
  A troll (D:10)
  2 polar bears (Lair:5)
  3 saltlings (Desolation)
  3 dream sheep (Lair:3)
  5 slime creatures
  6 spriggans
  A wraith (D:11)
  5 yaks
  A death yak simulacrum (IceCv)
  A swamp worm (Swamp:4)
  2 orc warriors (D:15)
  A black bear (Lair:1)
  11 wolves
  A centaur (D:15)
  A bullfrog (Lair:1)
  A cane toad simulacrum (IceCv)
  A two-headed ogre simulacrum (IceCv)
  An elephant simulacrum (IceCv)
  2 troll simulacra (IceCv)
  A wolf simulacrum (IceCv)
  3 naga simulacra (IceCv)
  2 white imps (IceCv)
  2 ufetubi (IceCv)
  25 ball lightnings
110 creatures vanquished.

Vanquished Creatures (others)
  A deep elf pyromancer (Elf:2)
  2 bloated husks (Swamp:1)
  An air elemental (Elf:2)
  2 water elementals (Elf:2)
  420 ball lightnings
  6 foxfires
  27 fungi
  47 plants
506 creatures vanquished.

Grand Total: 2100 creatures vanquished

Notes
Turn   | Place    | Note
-------+----------+-------------------------------------------
     0 | D:1      | glosham the Palentonga Air Elementalist began the quest for
                  | the Orb.
     0 | D:1      | Reached XP level 1. HP: 13/13 MP: 3/3
   129 | D:1      | Reached skill level 1 in Conjurations
   251 | D:1      | Reached XP level 2. HP: 18/20 MP: 3/5
   254 | D:1      | Learned a level 2 spell: Static Discharge
   412 | D:2      | Found a sparkling altar of Nemelex Xobeh.
   704 | D:1      | Reached skill level 3 in Air Magic
   877 | D:2      | Reached XP level 3. HP: 25/25 MP: 0/6
   881 | D:2      | Learned a level 3 spell: Swiftness
  1181 | D:1      | Found a faded altar of an unknown god.
  1318 | D:3      | Found a radiant altar of Vehumet.
  1322 | D:3      | Became a worshipper of Vehumet
  1717 | D:2      | Reached XP level 4. HP: 32/32 MP: 4/7
  2088 | D:3      | Reached * piety under Vehumet
  2088 | D:3      | Offered knowledge of Freeze by Vehumet.
  2105 | D:3      | Reached skill level 2 in Conjurations
  2492 | D:3      | Reached XP level 5. HP: 37/37 MP: 6/9
  2698 | D:3      | Reached skill level 3 in Spellcasting
  2699 | D:3      | Reached skill level 4 in Air Magic
  2701 | D:3      | Reached ** piety under Vehumet
  2713 | D:3      | Learned a level 4 spell: Airstrike
  2806 | D:4      | Offered knowledge of Foxfire by Vehumet.
  3071 | D:4      | Reached XP level 6. HP: 39/43 MP: 3/10
  3381 | D:4      | Reached skill level 3 in Conjurations
  3589 | D:4      | Offered knowledge of Inner Flame by Vehumet.
  3624 | D:4      | Reached *** piety under Vehumet
  3629 | D:4      | Reached skill level 5 in Air Magic
  3704 | D:5      | Entered Level 5 of the Dungeon
  3723 | D:5      | Found Fawix's Distillery.
  3728 | D:5      | Bought 2 potions of flight for 90 gold pieces
  3728 | D:5      | Bought a potion of brilliance for 60 gold pieces
  3824 | D:5      | Found a glowing drain.
  3829 | Sewer    | Entered a sewer
  3879 | Sewer    | Gained mutation: You curl defensively after being hit. (AC
                  | +7*) [Palentonga growth]
  3879 | Sewer    | Reached XP level 7. HP: 48/49 MP: 7/12
  3948 | Sewer    | Offered knowledge of Iskenderun's Mystic Blast by Vehumet.
  4155 | Sewer    | Reached **** piety under Vehumet
  4173 | Sewer    | Identified a scroll of acquirement
  4173 | Sewer    | Acquired a staff of air
  4186 | Sewer    | Offered knowledge of Freezing Cloud by Vehumet.
  4221 | Sewer    | Reached skill level 4 in Spellcasting
  4314 | Sewer    | Learned a level 5 spell: Freezing Cloud
  4338 | Sewer    | Acquired the ring "Dunkuzyre" {rElec rN+ Will+ Str+6 SInv}
  4379 | D:5      | Noticed Prince Ribbit
  4484 | D:5      | Reached skill level 5 in Spellcasting
  4575 | D:5      | Found Iduos's Antique Weapon Shop.
  4592 | D:5      | Acquired the +0 barding of the Five Teeth {Drain rPois
                  | rF+++ Regen+}
  4893 | D:5      | Found Reiffo's General Store.
  4996 | D:5      | Found a shimmering blue altar of Sif Muna.
  4997 | D:5      | Found an ancient bone altar of Kikubaaqudgha.
  5246 | D:5      | Found Guboz's Book Shoppe.
  5412 | D:5      | Reached ***** piety under Vehumet
  5430 | D:5      | Killed Prince Ribbit
  5431 | D:5      | Reached skill level 6 in Spellcasting
  5431 | D:5      | Reached XP level 8. HP: 41/55 MP: 9/17
  5433 | D:5      | Learned a level 1 spell: Apportation
  5527 | D:6      | Found a white marble altar of Elyvilon.
  5551 | D:6      | Offered knowledge of Iskenderun's Battlesphere by Vehumet.
  5655 | D:6      | Reached skill level 7 in Spellcasting
  5960 | D:6      | Noticed Sigmund
  5967 | D:6      | Killed Sigmund
  5968 | D:6      | Reached skill level 4 in Conjurations
  5968 | D:6      | Reached skill level 6 in Air Magic
  5976 | D:6      | Learned a level 5 spell: Iskenderun's Battlesphere
  6141 | D:6      | Found a staircase to the Ecumenical Temple.
  6403 | D:7      | Reached XP level 9. HP: 60/60 MP: 17/20
  6517 | D:7      | Reached skill level 8 in Spellcasting
  6555 | D:7      | Identified the +8 sling "Zurhoig" {venom, Dex+3}
  6647 | D:7      | Noticed a troll
  6655 | D:7      | Killed a troll
  6656 | D:7      | Reached skill level 9 in Spellcasting
  6697 | D:7      | Found a basalt altar of Yredelemnul.
  6702 | D:7      | Found a shimmering altar of Xom.
  6705 | D:7      | Found a broken altar of Ashenzari.
  6736 | D:6      | Learned a level 3 spell: Mephitic Cloud
  6739 | D:6      | Learned a level 2 spell: Passwall
  6995 | D:8      | Reached skill level 10 in Spellcasting
  7048 | D:8      | Found a staircase to the Lair.
  7048 | D:8      | Noticed an elephant
  7109 | D:8      | Killed an elephant
  7110 | D:8      | Reached XP level 10. HP: 65/67 MP: 18/24
  7172 | D:8      | Reached skill level 11 in Spellcasting
  7740 | D:9      | Reached skill level 12 in Spellcasting
  7766 | D:9      | Offered knowledge of Ozocubu's Refrigeration by Vehumet.
  7802 | D:9      | Noticed a boulder beetle
  7819 | D:9      | Killed a boulder beetle
  7982 | D:9      | Reached skill level 13 in Spellcasting
  8150 | D:9      | Reached XP level 11. HP: 65/72 MP: 23/28
  8165 | D:9      | Reached skill level 7 in Air Magic
  8284 | D:5      | Bought a book of Storms for 416 gold pieces
  8290 | D:5      | Learned a level 5 spell: Lightning Bolt
  8295 | D:5      | Learned a level 4 spell: Summon Lightning Spire
  8335 | D:5      | Bought a potion of degeneration for 15 gold pieces
  8449 | D:10     | Entered Level 10 of the Dungeon
  8478 | D:10     | Found a flagged portal.
  8483 | D:10     | Noticed a two-headed ogre
  8489 | D:10     | Killed a two-headed ogre
  8490 | D:10     | Reached skill level 5 in Conjurations
  8512 | D:10     | Noticed predelnik's ghost (novice DrVM)
  8515 | D:10     | Found a runed translucent door.
  8523 | D:10     | You fall into a shaft and drop 1 floor!
  8646 | D:11     | Found a staircase to the Orcish Mines.
  8721 | D:10     | Killed predelnik's ghost
  8854 | D:10     | Found Caer's Book Shoppe.
  8946 | Bailey   | Entered a bailey
  8993 | Bailey   | Reached skill level 8 in Air Magic
  9172 | Bailey   | Reached skill level 6 in Conjurations
  9213 | Bailey   | Found the +15 Maxwell's patent armour {-Cast -Tele rElec
                  | Will+ rCorr}
  9232 | Bailey   | Got the Tome of Curses and Frostbite
  9435 | D:10     | Offered knowledge of Orb of Destruction by Vehumet.
  9599 | D:10     | Noticed a two-headed ogre
  9607 | D:10     | Killed a two-headed ogre
  9697 | D:10     | Reached skill level 9 in Air Magic
  9830 | D:11     | Noticed a two-headed ogre
  9841 | D:11     | Killed a two-headed ogre
  9934 | D:11     | Noticed a five-headed hydra
  9954 | D:11     | Killed a five-headed hydra
  9955 | D:11     | Reached skill level 7 in Conjurations
 10230 | D:11     | Reached XP level 12. HP: 65/79 MP: 21/29
 10384 | D:12     | Noticed a two-headed ogre
 10392 | D:12     | Killed a two-headed ogre
 10393 | D:12     | Reached skill level 10 in Air Magic
 10638 | D:12     | Noticed a boulder beetle
 10655 | D:12     | Reached skill level 8 in Conjurations
 10749 | D:12     | Killed a boulder beetle
 10750 | D:12     | Reached skill level 11 in Air Magic
 10761 | D:12     | Noticed a seven-headed hydra
 10762 | D:12     | Noticed a rakshasa
 10786 | D:12     | Killed a rakshasa
 10807 | D:12     | Killed a seven-headed hydra
 10948 | D:12     | Noticed Sonja
 10953 | D:12     | Killed Sonja
 10975 | D:13     | Noticed Azrael
 10982 | D:13     | Killed Azrael
 10983 | D:13     | Reached skill level 9 in Conjurations
 10983 | D:13     | Noticed a vault guard
 10985 | D:13     | Noticed a six-headed hydra
 10990 | D:13     | Killed a vault guard
 10991 | D:13     | Reached skill level 12 in Air Magic
 10992 | D:13     | Noticed a two-headed ogre
 10992 | D:13     | Killed a six-headed hydra
 10995 | D:13     | Noticed a vault guard
 10998 | D:13     | Killed a two-headed ogre
 10999 | D:13     | Reached XP level 13. HP: 84/84 MP: 13/30
 11106 | D:13     | Found a stormy altar of Qazlal.
 11373 | D:13     | Found a gate to the Vaults.
 11786 | D:5      | Bought a glowing double sword for 414 gold pieces
 12594 | D:14     | Found a runed translucent door.
 12650 | D:14     | Noticed peterlawrence's ghost (journeyman MiFi)
 12833 | D:14     | Killed peterlawrence's ghost
 12834 | D:14     | Reached skill level 14 in Spellcasting
 12919 | D:15     | Entered Level 15 of the Dungeon
 13011 | D:15     | Reached ****** piety under Vehumet
 13201 | D:15     | Offered knowledge of Fireball by Vehumet.
 13268 | D:15     | Reached skill level 15 in Spellcasting
 13460 | D:15     | Identified Roxanne's Guidebook on Terrain
 13460 | D:15     | Noticed Roxanne
 13464 | D:15     | Got Coch's Reference Book on Searing Adjuration
 13555 | D:15     | Killed Roxanne
 13588 | D:15     | Reached XP level 14. HP: 78/90 MP: 10/33
 13733 | D:15     | Found a staircase to the Depths.
 13761 | D:15     | Learned a level 5 spell: Silence
 13872 | Lair:1   | Entered Level 1 of the Lair of Beasts
 14183 | Lair:1   | Found a gate leading to a gauntlet.
 14200 | Gauntlet | Entered a Gauntlet
 14200 | Gauntlet | Found a runed translucent door.
 14200 | Gauntlet | Found a transporter.
 14200 | Gauntlet | Found a runed translucent door.
 14203 | Gauntlet | Found a transporter.
 14205 | Gauntlet | Found a transporter.
 14221 | Gauntlet | Found a transporter.
 14223 | Gauntlet | Found a transporter.
 14235 | Gauntlet | Found a transporter.
 14250 | Gauntlet | Found a transporter.
 14255 | Gauntlet | Found a transporter.
 14274 | Gauntlet | Found a transporter.
 14282 | Gauntlet | Found a transporter.
 14287 | Gauntlet | Found a transporter.
 14288 | Gauntlet | Found a transporter.
 14309 | Gauntlet | Found a runed translucent gate.
 14310 | Gauntlet | Found a transporter.
 14310 | Gauntlet | Found a runed translucent gate.
 14311 | Gauntlet | Found a runed translucent gate.
 14324 | Gauntlet | Found a transporter.
 14370 | Gauntlet | Reached skill level 16 in Spellcasting
 14453 | Gauntlet | Identified the +1 pair of gloves of Negation {*Slow rN+++
                  | Str-4 Int+4}
 14525 | Lair:1   | Noticed Harold
 14532 | Lair:1   | Killed Harold
 15144 | Lair:2   | Acquired 487 gold pieces
 15161 | Lair:2   | Learned a level 6 spell: Conjure Ball Lightning
 15183 | Lair:2   | Reached skill level 17 in Spellcasting
 15214 | Lair:2   | Found a staircase to the Swamp.
 15683 | Lair:3   | Reached skill level 13 in Air Magic
 15742 | Lair:3   | Reached skill level 10 in Conjurations
 15930 | Lair:3   | Found a frozen archway.
 15946 | IceCv    | Entered an ice cave
 16153 | IceCv    | Offered knowledge of Starburst by Vehumet.
 16385 | IceCv    | Noticed a reaper
 16413 | IceCv    | Killed a reaper
 16640 | Lair:3   | Found a hole to the Spider Nest.
 16929 | Lair:4   | Found a staircase to the Slime Pits.
 17086 | Lair:4   | Reached XP level 15. HP: 96/96 MP: 36/36
 17275 | Lair:4   | Offered knowledge of Yara's Violent Unravelling by Vehumet.
 17361 | Lair:4   | Reached skill level 14 in Air Magic
 17569 | Lair:5   | Entered Level 5 of the Lair of Beasts
 17730 | Lair:5   | Reached skill level 11 in Conjurations
 18386 | Lair:5   | Reached skill level 15 in Air Magic
 18426 | Lair:5   | Offered knowledge of Eringya's Noxious Bog by Vehumet.
 18808 | Orc:1    | Entered Level 1 of the Orcish Mines
 18837 | Orc:2    | Entered Level 2 of the Orcish Mines
 18844 | Orc:2    | Noticed an orc warlord
 18850 | Orc:2    | Killed an orc warlord
 19007 | Orc:2    | Found Ysaolez's Book Emporium.
 19007 | Orc:2    | Found Sillesal's Book Shoppe.
 19010 | Orc:2    | Found Eleegro's Antique Armour Emporium.
 19010 | Orc:2    | Found Yrchilixt's Distillery.
 19149 | Orc:2    | Reached skill level 12 in Conjurations
 19199 | Orc:2    | Found a staircase to the Elven Halls.
 19302 | Orc:2    | Bought a potion of invisibility for 104 gold pieces
 19302 | Orc:2    | Bought a potion of heal wounds for 65 gold pieces
 19302 | Orc:2    | Bought a potion of heal wounds for 65 gold pieces
 19680 | Orc:1    | Offered knowledge of Chain Lightning by Vehumet.
 19680 | Orc:1    | Offered knowledge of Ignition by Vehumet.
 19680 | Orc:1    | Offered knowledge of Maxwell's Capacitive Coupling by
                  | Vehumet.
 19690 | Orc:1    | Noticed an orc warlord
 19693 | Orc:1    | Killed an orc warlord
 19927 | Elf:1    | Entered Level 1 of the Elven Halls
 19933 | Elf:1    | Reached XP level 16. HP: 81/102 MP: 37/37
 20429 | Elf:1    | Identified the +3 scimitar of Triumph {venom, rF+ Will+}
 20498 | Elf:1    | Reached skill level 13 in Conjurations
 20498 | Elf:1    | Reached XP level 17. HP: 108/108 MP: 37/38
 20529 | Elf:1    | Reached skill level 16 in Air Magic
 20530 | Elf:1    | Paralysed by an air elemental for 1 turns
 20693 | Elf:1    | Identified the +1 robe "Naulae" {rF+++ rC- Slay-6 Stlth+}
 20748 | Elf:1    | Reached skill level 14 in Conjurations
 21101 | Elf:2    | Found a white marble altar of Elyvilon.
 21101 | Elf:2    | Found a glowing silver altar of Zin.
 21102 | Elf:2    | Found a crumbling gateway.
 21122 | Elf:2    | Found a glowing golden altar of the Shining One.
 21133 | Elf:2    | Learned a level 7 spell: Orb of Destruction
 21190 | Elf:2    | Reached skill level 15 in Conjurations
 21239 | Elf:2    | HP: 6/108 [angel/+1 whip of holy wrath (13)]
 21360 | Desolati | Entered the Desolation of Salt
 21711 | Desolati | Reached skill level 16 in Conjurations
 21743 | Desolati | Identified the +5 quarterstaff "Ruann" {drain, rElec Str+6}
 21817 | Desolati | Identified the +10 trident of Moetuav {freeze, rF+}
 21856 | Desolati | Got the Spellbook of Proximity
 21894 | Desolati | Identified the ring of Bearph {rF+ rN+ Will+ Int-2}
 22092 | Desolati | Reached XP level 18. HP: 111/114 MP: 39/39
 22239 | Elf:2    | Found a runed translucent gate.
 22240 | Elf:2    | Found a runed translucent gate.
 22240 | Elf:2    | Found a runed translucent gate.
 22615 | Elf:2    | Reached skill level 17 in Conjurations
 22789 | Elf:3    | Entered Level 3 of the Elven Halls
 22815 | Elf:3    | Identified the +0 plate armour of the Chupacabra {rN+++
                  | Str+2 Dex-4}
 23573 | Elf:3    | Reached skill level 18 in Spellcasting
 23702 | Elf:3    | Reached skill level 17 in Air Magic
 23925 | Elf:3    | Identified the +4 scale mail of Yesterday {Int+5}
 23970 | Elf:3    | Identified the +6 spear "Uprekk" {vorpal, *Slow rPois
                  | Stlth+}
 23983 | Elf:3    | Got the Exposition on Left-Handed Magic
 24073 | Elf:3    | Found the +3 crown of Dyrovepreva {rElec Int+2 SInv}
 24293 | Orc:2    | Bought a potion of curing for 39 gold pieces
 24293 | Orc:2    | Bought a potion of curing for 39 gold pieces
 24293 | Orc:2    | Bought a potion of curing for 39 gold pieces
 24293 | Orc:2    | Bought 2 potions of flight for 78 gold pieces
 24293 | Orc:2    | Bought a potion of flight for 39 gold pieces
 24293 | Orc:2    | Bought a potion of lignification for 39 gold pieces
 24293 | Orc:2    | Bought a potion of curing for 39 gold pieces
 24293 | Orc:2    | Bought a potion of flight for 39 gold pieces
 24448 | D:5      | Bought a book of Spatial Translocations for 338 gold pieces
 24451 | D:5      | Learned a level 2 spell: Blink
 24571 | D:5      | Bought a glowing dagger for 115 gold pieces
 24638 | D:5      | Bought a potion of invisibility for 112 gold pieces
 24638 | D:5      | Bought a scroll of fog for 56 gold pieces
 24638 | D:5      | Bought a potion of curing for 42 gold pieces
 24829 | D:5      | Bought a potion of haste for 150 gold pieces
 24829 | D:5      | Bought a potion of haste for 150 gold pieces
 24829 | D:5      | Bought a potion of cancellation for 120 gold pieces
 24829 | D:5      | Bought a potion of mutation for 120 gold pieces
 24829 | D:5      | Bought a potion of might for 60 gold pieces
 24829 | D:5      | Bought a potion of haste for 150 gold pieces
 24829 | D:5      | Bought a potion of haste for 150 gold pieces
 25285 | Spider:1 | Entered Level 1 of the Spider Nest
 25304 | Spider:1 | Reached XP level 19. HP: 119/119 MP: 36/41
 26122 | Spider:1 | Reached skill level 18 in Conjurations
 26404 | Spider:2 | Noticed Donald
 26407 | Spider:2 | Killed Donald
 26418 | Spider:2 | Noticed Arachne
 26421 | Spider:2 | Killed Arachne
 27388 | Spider:3 | Reached skill level 19 in Spellcasting
 28014 | Spider:4 | Entered Level 4 of the Spider Nest
 28268 | Spider:4 | Noticed Nikola
 28271 | Spider:4 | Reached skill level 18 in Air Magic
 28273 | Spider:4 | Killed Nikola
 28341 | Spider:4 | HP: 11/119 [spark wasp (6)]
 28799 | Spider:4 | Got a gossamer rune of Zot
 28949 | Swamp:1  | Entered Level 1 of the Swamp
 28961 | Swamp:1  | Reached XP level 20. HP: 23/126 MP: 34/43
 29022 | Swamp:1  | Noticed Jorgrun
 29024 | Swamp:1  | Killed Jorgrun
 29108 | Swamp:1  | Noticed Aizul
 29112 | Swamp:1  | Killed Aizul
 29113 | Swamp:1  | Reached skill level 19 in Conjurations
 29994 | Swamp:3  | Identified the +1 short sword of Embarrassment {venom,
                  | Stlth+}
 30438 | Swamp:4  | Entered Level 4 of the Swamp
 30731 | Swamp:4  | Reached skill level 20 in Spellcasting
 30886 | Swamp:4  | Got a decaying rune of Zot
 31515 | Vaults:1 | Entered Level 1 of the Vaults
 31666 | Vaults:1 | Reached skill level 19 in Air Magic
 32156 | Vaults:1 | Reached XP level 21. HP: 78/131 MP: 41/45
 32340 | Vaults:1 | Learned a level 9 spell: Chain Lightning
 32500 | Vaults:2 | Reached skill level 20 in Conjurations
 32677 | Vaults:2 | Noticed Sojobo
 32678 | Vaults:2 | Killed Sojobo
 32761 | Vaults:2 | Noticed Asterion
 32765 | Vaults:2 | Killed Asterion
 32805 | Vaults:2 | Identified the amulet "Giuhyocw" {Acrobat rN+ Str+3 Slay+2}
 33412 | Vaults:3 | Found a runed translucent door.
 33415 | Vaults:3 | Noticed AgonHex's ghost (veteran HOFi)
 33441 | Vaults:3 | Killed AgonHex's ghost
 33717 | Vaults:3 | Found Jiyjip's Armour Boutique.
 33806 | Vaults:3 | HP: 11/131 [golden dragon skeleton (20)]
 33806 | Vaults:3 | HP: 5/131 [golden dragon skeleton (6)]
 33807 | Vaults:3 | Slain by a vault warden skeleton

Illustrated notes

Levels and vault maps discovered:
D:1:      shiori_arrival_maze, layout_loops_ring,
          shapermc_ecumenical_altar_pompeii, minmay_misc_feat_columns,
          minmay_liquid_box, moated_statue
D:2:      layout_loops_ring, basic_altar
D:3:      minmay_thinvault, layout_loops_ring, vehumet_crystals, minmay_vboxes
D:4:      minmay_opposing_rooms, layout_basic, minmay_tree_intersection,
          kennysheep_generic_room_13
D:5:      layout_basic, nicolae_overflow_squiral, serial_shops,
          nicolae_shop_statue_plus, shop_statue, kennysheep_little_box,
          shop_coins, portal_sewer_entry_e, minmay_misc_feat_tower,
          uniq_prince_ribbit1
D:6:      layout_rooms, nicolae_elyvilon_peaceful_grove,
          minmay_temple_entry_statues_pillars, grunt_decor_junction,
          uniq_sigmund
D:7:      layout_rooms, minmay_overflow_temple_star_quad
D:8:      layout_basic, david_lair_generic
D:9:      layout_long_grid, serial_bayou, serial_bayou_pond_b,
          serial_bayou_shore_b, serial_bayou_pond_e, serial_bayou_pond_b,
          nicolae_figureground_pulse
D:10:     minmay_clustersquares, layout_basic, enter_bailey_5,
          hellmonk_ghost_happy_afterlife, serial_park_tiny_2,
          minmay_misc_feat_iff, minmay_crystal_water, kennysheep_windowed_goal
D:11:     layout_basic, orc_0_dummy, columned_hall_lemuel
D:12:     layout_small_grid, uniq_sonja
D:13:     layout_roguey, lightli_vaults_fourway_checkpoint,
          nicolae_qazlal_scattered_showers, uniq_azrael
D:14:     layout_basic, ebering_ghost_reflecting_pool,
          hangedman_abyss_or_decor_stagger
D:15:     hangedman_depths_entry_try_elsewhere_first, layout_basic,
          chequers_serial_rivers_small_a, uniq_roxanne
Lair:1:   layout_regular_city, gauntlet_entry_generic, beast_lair_carwin_5,
          grunt_megastairs_5, uniq_harold
Lair:2:   layout_regular_city, palyth_hydra_swamp_entry, dpeg_stationary_puzzle,
          lemuel_fruit_fields, serial_bayou_shore_a, lemuel_fruit_tree
Lair:3:   layout_chaotic_city, spider_nest_entry_funnel_web,
          portal_ice_cave_demonic_guard, cheibrodos_lair_lostbears
Lair:4:   layout_regular_city, nicolae_slime_entry_slimehenge
Lair:5:   minmay_lair_end_enchanted_forest, layout_regular_city,
          grunt_megastairs_2
Swamp:1:  layout_falls_marsh, nicolae_swamp_dense_foliage, swamp_pool1,
          uniq_aizul, uniq_jorgrun
Swamp:2:  layout_basic_swamp, nicolae_swamp_tree_designs,
          infiniplex_staircase_pool_2
Swamp:3:  layout_basic_swamp, evilmike_swamp_ruin_house_3,
          nicolae_swamp_hydra_murder_den
Swamp:4:  swamp_basic_johnstein, layout_basic_swamp, swamp_pool1
Spider:1: nicolae_spider_hilbert_zone_3 [nicolae_spider_hilbert_4_sides_2_open,
          nicolae_spider_hilbert_3_sides_1_open,
          nicolae_spider_hilbert_3_sides_1_open,
          nicolae_spider_hilbert_3_sides_1_open,
          nicolae_spider_hilbert_3_sides_1_open,
          nicolae_spider_hilbert_4_sides_1_open,
          nicolae_spider_hilbert_4_sides_1_open,
          nicolae_spider_hilbert_4_sides_1_open,
          nicolae_spider_hilbert_4_sides_1_open,
          nicolae_spider_hilbert_4_sides_1_open,
          nicolae_spider_hilbert_4_sides_1_open,
          nicolae_spider_hilbert_4_sides_1_open,
          nicolae_spider_hilbert_4_sides_1_open,
          nicolae_spider_hilbert_3_sides_1_open,
          nicolae_spider_hilbert_3_sides_1_open,
          nicolae_spider_hilbert_3_sides_1_open,
          nicolae_spider_hilbert_3_sides_1_open], nicolae_spider_bug_shape
Spider:2: layout_spider_delve, uniq_arachne, uniq_donald
Spider:3: layout_spider_delve, nicolae_spider_orb_run
Spider:4: grunt_spider_rune_island, hellmonk_deceptive_appearances, uniq_nikola
Orc:1:    layout_diamond_mine
Orc:2:    st_orc_mages, layout_caves
Elf:1:    minmay_elf_arrival_summoners, layout_loops_corners,
          minmay_elf_demonology, dk_noncrumbling_3
Elf:2:    nicolae_elf_blades_crystal_corner, layout_geoelf_octagon,
          portal_desolation_entry_holy_temple, minivault_28
Elf:3:    minmay_elf_hall_dome, layout_geoelf_castle, st_stairs_6
Vaults:1: hangedman_vaults_locks, vaults_room_large_hall, v_misc_33,
          hangedman_vaults_restitches, vaults_mumra_chevron,
          hangedman_vaults_stretched_pinwheel, v_misc_30, vaults_room_hallway,
          vaults_dpeg_cross, layout_vaults_big_room
Vaults:2: hangedman_vaults_stream, nicolae_vaults_alarming, st_spiral_rooms,
          v_misc_12, hangedman_vaults_stagger, vaults_room_corners,
          nicolae_vaults_shelves_hall, vaults_room_ringed_pool,
          nicolae_vaults_specimen_jars, v_misc_9, grunt_vaults_hallway_short,
          nicolae_vaults_shelves_hall, ontoclasm_vaults_fault,
          layout_vaults_maze, uniq_sojobo, uniq_asterion
Vaults:3: hellmonk_ghost_big_iron, nicolae_vaults_circle_grid_a,
          vaults_room_large_hall, vaults_mumra_chevron_long,
          nicolae_vaults_sealed_display, nicolae_vaults_little_ls,
          vaults_dpeg_ring, ontoclasm_vaults_hangar, layout_vaults_omnigrid,
          minmay_crypt_entry_skeletal_spiral, serial_shops, nicolae_shop_crystal

Skill      XL: |  1  2  3  4  5  6  7  8  9 10 11 12 13 14 15 16 17 18 19 20 21 |
---------------+----------------------------------------------------------------+-----
Conjurations   | 1 2 3 4 7 9 10 12 13 16 17 18 19 20 | 20.7
Air Magic      | 3 4 5 6 9 12 13 15 16 17 18 19 | 19.8
Spellcasting   | 3 6 7 10 13 15 17 18 19 20 | 20.5
Dodging        | |  1.5
Stealth        | |  1.2

Action                   |  1- 3 |  4- 6 |  7- 9 | 10-12 | 13-15 | 16-18 | 19-21 || total
-------------------------+-------+-------+-------+-------+-------+-------+-------++-------
Melee: Dagger            |     5 |       |       |       |       |       |       ||     5
       Short sword       |    14 |    24 |       |       |       |       |       ||    38
       Tailslap          |     2 |     4 |     2 |     4 |     7 |     2 |     7 ||    28
       Staff             |       |       |    10 |    16 |    21 |     5 |     6 ||    58
       Trident           |       |       |       |       |       |       |    14 ||    14
 Fire: Sling             |       |       |    49 |    66 |       |       |       ||   115
Throw: Dart              |       |     1 |       |     2 |     6 |       |       ||     9
       Throwing net      |       |       |       |     2 |       |       |       ||     2
 Cast: Shock             |    56 |   103 |   123 |   138 |   509 |   108 |   291 ||  1328
       Static Discharge  |     3 |    17 |    54 |   104 |   113 |    59 |   112 ||   462
       Apportation       |       |       |    23 |    14 |    21 |    18 |    35 ||   111
       Airstrike         |       |       |     8 |     6 |     8 |    76 |     8 ||   106
       Mephitic Cloud    |       |       |       |     6 |     2 |       |     2 ||    10
       Iskenderun's Batt |       |       |       |    25 |   101 |    31 |   120 ||   277
       Freezing Cloud    |       |       |       |    12 |     8 |     4 |     1 ||    25
       Summon Lightning  |       |       |       |    15 |   111 |     9 |    29 ||   164
       Lightning Bolt    |       |       |       |       |    21 |     6 |     6 ||    33
       Conjure Ball Ligh |       |       |       |       |    43 |    64 |    76 ||   183
       Orb of Destructio |       |       |       |       |       |    66 |   129 ||   195
       Passwall          |       |       |       |       |       |       |     7 ||     7
       Blink             |       |       |       |       |       |       |    12 ||    12
       Chain Lightning   |       |       |       |       |       |       |    44 ||    44
 Abil: Rolling Charge    |     7 |    13 |    10 |    15 |     7 |     5 |     5 ||    62
Evoke: Wand              |       |       |       |    18 |    13 |     5 |     9 ||    45
  Use: Scroll            |     6 |     4 |     9 |     5 |     9 |     2 |     5 ||    40
       Potion            |       |       |       |       |     5 |     5 |     3 ||    13
 Stab: Sleeping          |       |     1 |       |       |       |       |       ||     1
Armor: Robe              |    31 |    16 |    42 |       |       |       |       ||    89
       Troll leather arm |       |       |    23 |    68 |   133 |    52 |   108 ||   384
Dodge: Dodged            |    29 |    19 |    28 |    51 |    52 |    22 |    48 ||   249

Table legend: (Time is in decaauts)
 A = Elapsed time spent in this place.
 B = Non-inter-level travel time spent in this place.
 C = Inter-level travel time spent in this place.
 D = Time resting spent in this place.
 E = Time spent auto-exploring this place.
 F = Levels seen in this place.
 G = Mean time per level.
                   A        B        C        D        E       F      G
               +--------+--------+--------+--------+--------+-----+--------+
         Total |  34244 |  28629 |   5615 |   1591 |      0 |  41 |  835.2 |
       Dungeon |  14447 |  11191 |   3256 |    623 |      0 |  15 |  963.1 |
          Lair |   4188 |   3631 |    557 |    157 |      0 |   5 |  837.6 |
         Swamp |   2419 |   1966 |    453 |     44 |      0 |   4 |  604.8 |
   Spider Nest |   3635 |   3192 |    443 |    157 |      0 |   4 |  908.8 |
  Orcish Mines |   1195 |    964 |    231 |     24 |      0 |   2 |  597.5 |
   Elven Halls |   3494 |   3067 |    427 |    207 |      0 |   3 | 1164.7 |
        Vaults |   2276 |   2031 |    245 |    164 |      0 |   3 |  758.7 |
         Sewer |    559 |    559 |      0 |    210 |      0 |   1 |  559.0 |
        Bailey |    323 |    323 |      0 |      0 |      0 |   1 |  323.0 |
      Ice Cave |    582 |    582 |      0 |      2 |      0 |   1 |  582.0 |
    Desolation |    821 |    821 |      0 |      3 |      0 |   1 |  821.0 |
      Gauntlet |    300 |    300 |      0 |      0 |      0 |   1 |  300.0 |
               +--------+--------+--------+--------+--------+-----+--------+

Top non-repeatable levels by time:
     D:5: 1895 daAuts
   Elf:3: 1456 daAuts
     D:3: 1134 daAuts
Spider:1: 1126 daAuts
Spider:3: 1099 daAuts
    D:15: 1096 daAuts
   Elf:1: 1082 daAuts
    D:10: 1056 daAuts
    D:14: 1047 daAuts
  Lair:2: 1027 daAuts
Vaults:2: 977 daAuts
     D:4: 967 daAuts
   Elf:2: 956 daAuts
  Lair:5: 954 daAuts
     D:8: 949 daAuts

Table legend:
 A = Kills in this place as a percentage of kills in entire the game.
 B = Kills by you in this place as a percentage of kills by you in the entire game.
 C = Kills by friends in this place as a percentage of kills by friends in the entire game.
 D = Other kills in this place as a percentage of other kills in the entire game.
 E = Experience gained in this place as a percentage of experience gained in the entire game.
 F = Experience gained in this place divided by the number of levels of this place that you have seen.
                   A       B       C       D       E      F
               +-------+-------+-------+-------+-------+----------------------
         Total | 100.0 | 100.0 | 100.0 | 100.0 | 100.0 | 14265.9
       Dungeon |  24.2 |  24.6 |  17.6 |  14.3 |  11.3 | 4415.1
          Lair |  13.5 |  11.7 |  45.9 |   0.0 |  10.0 | 11658.0
         Swamp |   8.9 |   9.1 |   7.1 |   0.0 |  13.3 | 19434.0
   Spider Nest |  13.2 |  14.0 |   1.2 |   0.0 |  16.7 | 24406.2
  Orcish Mines |   7.8 |   8.3 |   0.0 |   0.0 |   3.2 | 9324.0
   Elven Halls |  10.5 |  11.1 |   1.2 |   0.0 |  20.8 | 40511.7
        Vaults |   8.1 |   8.3 |   4.7 |   0.0 |  16.9 | 32957.7
         Sewer |   3.4 |   3.6 |   0.0 |   0.0 |   0.1 | 373.0
        Bailey |   1.7 |   1.4 |   0.0 |  85.7 |   0.2 | 999.0
      Ice Cave |   3.4 |   2.6 |  17.6 |   0.0 |   0.8 | 4568.0
    Desolation |   4.8 |   4.8 |   4.7 |   0.0 |   6.3 | 36775.0
      Gauntlet |   0.5 |   0.5 |   0.0 |   0.0 |   0.6 | 3251.0
               +-------+-------+-------+-------+-------+----------------------
